 Dungeon Crawl Stone Soup version 0.26-a0-1132-ge9770dfcb6 (webtiles) character file.

Game seed: 1549324012759123449

12467 loralnil the Martial Artist (level 11, -7/84 HPs)
             Began as a Gnoll Transmuter on Dec 19, 2020.
             Mangled by a yak (12 damage)
             ... on level 13 of the Dungeon.
             The game lasted 00:17:26 (11879 turns).

loralnil the Martial Artist (Gnoll Transmuter)     Turns: 11879, Time: 00:17:27

Health: -7/84      AC: 11    Str: 12    XL:     11   Next: 93%
Magic:  23/23      EV: 16    Int: 22    God:
Gold:   726        SH:  0    Dex: 14    Spells: 12/27 levels left

rFire    . . .     SeeInvis .   J - +11 mace of the Eleven Artists {vorpal, Int+4 Dex-3}
rCold    . . .     Faith    .   (no shield)
rNeg     . . .     Spirit   .   w - +0 troll leather armour
rPois    .         Reflect  .   I - +0 helmet
rElec    .         Harm     .   s - +0 cloak
rCorr    +         Rampage  .   (no gloves)
Will     .....                  q - +2 pair of boots
Stlth    ++++......             (no amulet)
HPRegen  0.64/turn              n - ring of resist corrosion
MPRegen  0.18/turn              a - ring of stealth

@: wereblooded, hasted, very quick
A: distributed training, fangs 1, strong nose
a: no special abilities


You were on level 13 of the Dungeon.
You visited 2 branches of the dungeon, and saw 13 of its levels.
You also visited: Bailey.

You collected 726 gold pieces.

Inventory:

Hand Weapons
 J - the +11 mace of the Eleven Artists (weapon) {vorpal, Int+4 Dex-3}
   (You found it on level 12 of the Dungeon)

   It inflicts extra damage upon your enemies.
   It affects your intelligence (+4).
   It affects your dexterity (-3).
Missiles
 y - 7 javelins
Armour
 q - a +2 pair of boots (worn)
 s - a +0 cloak (worn)
 w - a +0 troll leather armour (worn)
 D - a +0 robe of willpower
 I - a +0 helmet (worn)
Jewellery
 a - a ring of stealth (right hand)
 n - a ring of resist corrosion (left hand)
Wands
 k - a wand of polymorph (8)
 H - a wand of iceblast (7)
Scrolls
 b - 4 scrolls of fear
 c - 3 scrolls of amnesia
 g - 4 scrolls of teleportation
 i - 3 scrolls of fog {unknown}
 j - 10 scrolls of remove curse
 l - a scroll of blinking {unknown}
 m - 4 scrolls of magic mapping {unknown}
 t - 2 scrolls of enchant weapon {unknown}
 u - 2 scrolls of noise {unknown}
 x - a scroll of random uselessness {unknown}
 K - a scroll of summoning {unknown}
Potions
 d - 3 potions of flight
 e - a potion of ambrosia
 f - 5 potions of heal wounds
 h - 7 potions of magic
 o - 2 potions of invisibility
 p - 9 potions of curing
 r - 2 potions of might {unknown}
 z - 3 potions of lignification
 A - 2 potions of haste
 B - a potion of resistance {unknown}
 C - 2 potions of mutation {unknown}
 E - a potion of experience {unknown}
 F - a potion of degeneration {unknown}
 G - a potion of brilliance {unknown}
 L - a potion of berserk rage
Miscellaneous
 v - a tin of tremorstones (2/2)


   Skills:
 + Level 7.3 Fighting
 + Level 6.7 Short Blades
 + Level 6.7 Long Blades
 + Level 6.7 Axes
 + Level 6.7 Maces & Flails
 + Level 6.7 Polearms
 + Level 6.7 Staves
 + Level 6.7 Slings
 + Level 6.7 Bows
 + Level 6.7 Crossbows
 + Level 6.7 Throwing
 + Level 6.7 Armour
 + Level 8.2 Dodging
 + Level 6.7 Stealth
 + Level 6.7 Shields
 + Level 9.5 Unarmed Combat
 + Level 8.5 Spellcasting
 + Level 5.6 Conjurations
 + Level 5.6 Hexes
 + Level 5.6 Summonings
 + Level 5.6 Necromancy
 + Level 5.6 Translocations
 + Level 6.9 Transmutations
 + Level 5.6 Fire Magic
 + Level 5.6 Ice Magic
 + Level 5.6 Air Magic
 + Level 5.6 Earth Magic
 + Level 5.6 Poison Magic
 + Level 7.4 Invocations
 + Level 6.7 Evocations


You had 12 spell levels left.
You knew the following spells:

 Your Spells              Type           Power        Failure   Level
a - Beastly Appendage     Tmut           78%          1%          1
b - Wereblood             Tmut           39%          1%          2
c - Spider Form           Tmut/Pois      18%          1%          3
d - Ice Form              Ice/Tmut       36%          7%          4
e - Blade Hands           Tmut           19%          14%         5

Your spell library contained the following spells:

 Spells                   Type           Power        Failure   Level
 Shock                    Conj/Air       100%         1%          1
 Swiftness                Air            34%          1%          2
 Static Discharge         Conj/Air       34%          2%          3
 Airstrike                Air            17%          9%          4
 Lightning Bolt           Conj/Air       17%          24%         5


Dungeon Overview and Level Annotations

Branches:
Dungeon (13/15)            Temple (1/1) D:4          Bailey (visited)
   Lair: D:8-11         Orc: D:9-12      Vaults: D:13-14

Altars:
Ashenzari
Dithmenos
Elyvilon
Fedhas
Gozag
Hepliaklqana
Kikubaaqudgha
Makhleb
Nemelex Xobeh
Ru
Uskayaw
Wu Jian
Xom
Zin
The Shining One

Shops:
D:6 [   D:10 **

Annotations:
D:8 Grum, Harold


Innate Abilities, Weirdness & Mutations

Your experience applies equally to all skills.
You have very sharp teeth.
Your uncanny sense of smell can sniff out nearby items.


Message History

The yak gores you. The yak completely misses you. x2
You hit the yak.
You kill the yak!
The yak barely misses you.
You sock the yak!
The yak is moderately wounded.
The yak gores you!
* * * LOW HITPOINT WARNING * * *
The yak barely misses you.
You thump the yak!
The yak is severely wounded.
The yak gores you but does no damage. The yak gores you!
* * * LOW HITPOINT WARNING * * *
The yak gores you!
* * * LOW HITPOINT WARNING * * *
The yak barely misses you. The yak closely misses you.
You howl as the wereblood boils in your veins!
You feel yourself speed up. The yak gores you!
You die...

#..... ...........##...
#....# ....##.......#..<
#....##....##.......'...
#..........#.......#####
#..........#.......#
#....########......#
#(...##....##..##..#
#.(..##....##..##..#
#....YY@...........##
#....Y..............#
#...................#
#####################


You could see 3 yaks.

Vanquished Creatures
  Josephine (D:10)
  Erolcha (D:11)
  2 two-headed ogres (D:10)
  Urug (D:10)
  A manticore (D:11)
  A centaur zombie (D:11)
  A centaur skeleton (D:10)
  3 trolls
  A hornet (D:10)
  Prince Ribbit (D:5)
  Grinder (D:5)
  5 wraiths (D:10)
  10 yaks
  Edmund (D:5)
  A water moccasin (D:7)
  An ice beast (D:6)
  3 orc warriors
  2 phantoms
  2 necrophages (D:6)
  An eye of draining (D:12)
  A hornet zombie (D:13)
  4 sky beasts
  4 ogres
  5 centaurs
  2 big kobolds
  2 bullfrogs
  A gnoll sergeant (D:6)
  A wyvern skeleton (D:11)
  2 scorpions
  7 killer bees (D:8)
  5 howler monkeys
  A jelly (D:11)
  4 bullfrog zombies
  3 hounds (D:5)
  4 orc priests
  Crazy Yiuf (D:5)
  4 bullfrog skeletons
  An iguana (D:6)
  10 orc wizards
  Ijyb (D:3)
  Jessica (D:2)
  6 worker ants
  A killer bee zombie (D:6)
  2 hound zombies
  21 gnolls
  A howler monkey skeleton (D:6)
  7 adders
  4 white imps
  3 ufetubi
  An adder zombie (D:10)
  4 worms
  5 leopard geckos
  22 orcs
  8 bats
  3 giant cockroaches
  7 goblins
  19 hobgoblins
  10 jackals
  12 kobolds
  2 quokkas
  2 ball pythons
  6 frilled lizards
  5 rats
255 creatures vanquished.

Vanquished Creatures (others)
  5 fungi (D:8)
  8 plants (D:8)
13 creatures vanquished.

Grand Total: 268 creatures vanquished

Notes
Turn   | Place    | Note
-------+----------+-------------------------------------------
     0 | D:1      | loralnil the Gnoll Transmuter began the quest for the Orb.
     0 | D:1      | Reached XP level 1. HP: 17/17 MP: 6/6
   302 | D:1      | Reached XP level 2. HP: 14/23 MP: 5/7
   909 | D:2      | Reached XP level 3. HP: 19/28 MP: 7/9
   912 | D:2      | Learned a level 2 spell: Wereblood
   916 | D:2      | Learned a level 3 spell: Spider Form
  1019 | D:2      | Noticed Jessica
  1243 | D:2      | Killed Jessica
  1244 | D:2      | Reached skill level 1 in Short Blades
  1244 | D:2      | Reached skill level 1 in Long Blades
  1244 | D:2      | Reached skill level 1 in Axes
  1244 | D:2      | Reached skill level 1 in Maces & Flails
  1244 | D:2      | Reached skill level 1 in Polearms
  1244 | D:2      | Reached skill level 1 in Staves
  1244 | D:2      | Reached skill level 1 in Slings
  1244 | D:2      | Reached skill level 1 in Bows
  1244 | D:2      | Reached skill level 1 in Crossbows
  1244 | D:2      | Reached skill level 1 in Throwing
  1244 | D:2      | Reached skill level 1 in Armour
  1244 | D:2      | Reached skill level 1 in Stealth
  1244 | D:2      | Reached skill level 1 in Shields
  1244 | D:2      | Reached skill level 5 in Spellcasting
  1244 | D:2      | Reached skill level 1 in Invocations
  1244 | D:2      | Reached skill level 1 in Evocations
  1260 | D:2      | Reached XP level 4. HP: 34/34 MP: 9/11
  1473 | D:2      | Found a hide-covered altar of Uskayaw.
  1487 | D:2      | Reached skill level 1 in Conjurations
  1487 | D:2      | Reached skill level 1 in Hexes
  1487 | D:2      | Reached skill level 1 in Summonings
  1487 | D:2      | Reached skill level 1 in Necromancy
  1487 | D:2      | Reached skill level 1 in Translocations
  1487 | D:2      | Reached skill level 1 in Fire Magic
  1487 | D:2      | Reached skill level 1 in Ice Magic
  1487 | D:2      | Reached skill level 1 in Air Magic
  1487 | D:2      | Reached skill level 1 in Earth Magic
  1487 | D:2      | Reached skill level 1 in Poison Magic
  2045 | D:3      | Reached XP level 5. HP: 36/40 MP: 10/12
  2415 | D:3      | Noticed Ijyb
  2432 | D:3      | Killed Ijyb
  3133 | D:4      | Found a burning altar of Makhleb.
  3134 | D:4      | Found the +5 demon whip "Spellbinder" {antimagic, Will+}
  3660 | D:4      | Found a staircase to the Ecumenical Temple.
  3672 | Temple   | Entered the Ecumenical Temple
  4080 | D:5      | Entered Level 5 of the Dungeon
  4103 | D:5      | Noticed Grinder
  4110 | D:5      | Killed Grinder
  4111 | D:5      | Reached skill level 5 in Dodging
  4111 | D:5      | Reached XP level 6. HP: 47/47 MP: 4/14
  4308 | D:5      | Noticed Edmund
  4334 | D:5      | Killed Edmund
  4335 | D:5      | Reached skill level 7 in Unarmed Combat
  4335 | D:5      | Reached XP level 7. HP: 52/52 MP: 3/15
  4553 | D:5      | Noticed Prince Ribbit
  4815 | D:5      | Reached XP level 8. HP: 34/60 MP: 13/16
  5014 | D:5      | Killed Prince Ribbit
  5332 | D:5      | Found a runed translucent door.
  5333 | D:5      | Noticed Crazy Yiuf
  5546 | D:5      | Killed Crazy Yiuf
  5599 | D:6      | Noticed a troll
  5610 | D:6      | Killed a troll
  5934 | D:6      | Reached XP level 9. HP: 66/66 MP: 14/18
  6006 | D:6      | Reached skill level 5 in Transmutations
  6201 | D:6      | Found Xukhuts's Armour Boutique.
  6725 | D:7      | Reached skill level 5 in Fighting
  6850 | D:7      | Found a broken altar of Ashenzari.
  6918 | D:7      | Found a shimmering altar of Xom.
  6920 | D:7      | Found a hazy altar of Hepliaklqana.
  6928 | D:7      | Noticed a spectral ugly thing
  7121 | D:7      | Found a white marble altar of Elyvilon.
  7284 | D:7      | Found a burning altar of Makhleb.
  7590 | D:8      | Reached skill level 8 in Unarmed Combat
  7615 | D:8      | Learned a level 4 spell: Ice Form
  7647 | D:8      | Reached skill level 5 in Invocations
  7753 | D:8      | Noticed Harold
  8264 | D:8      | Reached XP level 10. HP: 67/74 MP: 18/20
  8354 | D:8      | Noticed Grum
  8354 | D:8      | You fall into a shaft and drop 3 floors!
  8359 | D:10     | Entered Level 10 of the Dungeon
  8368 | D:10     | Paralysed by a hornet for 3 turns
  8375 | D:10     | Reached skill level 5 in Short Blades
  8375 | D:10     | Reached skill level 5 in Long Blades
  8375 | D:10     | Reached skill level 5 in Axes
  8375 | D:10     | Reached skill level 5 in Maces & Flails
  8375 | D:10     | Reached skill level 5 in Polearms
  8375 | D:10     | Reached skill level 5 in Staves
  8375 | D:10     | Reached skill level 5 in Slings
  8375 | D:10     | Reached skill level 5 in Bows
  8375 | D:10     | Reached skill level 5 in Crossbows
  8375 | D:10     | Reached skill level 5 in Throwing
  8375 | D:10     | Reached skill level 5 in Armour
  8375 | D:10     | Reached skill level 5 in Stealth
  8375 | D:10     | Reached skill level 5 in Shields
  8375 | D:10     | Reached skill level 5 in Evocations
  8484 | D:10     | Found Acysipist's General Store.
  8535 | D:10     | Found a flagged portal.
  8552 | Bailey   | Entered a bailey
  9227 | D:10     | Noticed Urug
  9240 | D:10     | Killed Urug
  9321 | D:10     | Noticed a two-headed ogre
  9331 | D:10     | Killed a two-headed ogre
  9405 | D:10     | Found Mocec's Elemental Accessories.
  9424 | D:10     | Noticed Josephine
  9438 | D:10     | Learned a level 5 spell: Blade Hands
  9454 | D:10     | Killed Josephine
  9455 | D:10     | Reached XP level 11. HP: 54/83 MP: 19/22
  9466 | D:10     | Reached skill level 9 in Unarmed Combat
  9474 | D:10     | Reached skill level 5 in Conjurations
  9474 | D:10     | Reached skill level 5 in Hexes
  9474 | D:10     | Reached skill level 5 in Summonings
  9474 | D:10     | Reached skill level 5 in Necromancy
  9474 | D:10     | Reached skill level 5 in Translocations
  9474 | D:10     | Reached skill level 5 in Fire Magic
  9474 | D:10     | Reached skill level 5 in Ice Magic
  9474 | D:10     | Reached skill level 5 in Air Magic
  9474 | D:10     | Reached skill level 5 in Earth Magic
  9474 | D:10     | Reached skill level 5 in Poison Magic
  9655 | D:10     | Found a shadowy altar of Dithmenos.
  9655 | D:10     | Noticed a two-headed ogre
  9665 | D:10     | Killed a two-headed ogre
  9734 | D:10     | Found an ancient bone altar of Kikubaaqudgha.
 10203 | D:11     | Noticed Erolcha
 10212 | D:11     | Killed Erolcha
 10848 | D:11     | Noticed a manticore
 10862 | D:11     | Killed a manticore
 11608 | D:12     | Got a pitted mace
 11609 | D:12     | Identified the +11 mace of the Eleven Artists {vorpal,
                  | Int+4 Dex-3} (You found it on level 12 of the Dungeon)
 11874 | D:13     | HP: 2/84 [yak (10)]
 11879 | D:13     | Mangled by a yak

Illustrated notes

Levels and vault maps discovered:
D:1:      ncdulo_watergridlock, layout_basic, grunt_decor_one_mirror
D:2:      layout_loops_ring, lemuel_tele_altar, uniq_jessica
D:3:      layout_basic, uniq_ijyb
D:4:      layout_basic, minmay_temple_entry_mist, chequers_decorated_corner,
          bloody_makhleb
D:5:      minmay_octagon_keep, layout_loops_cross, uniq_edmund,
          uniq_crazy_yiuf_cottage, uniq_grinder, uniq_prince_ribbit1
D:6:      layout_loops_ring, serial_shops, nicolae_shop_waterfront
D:7:      layout_basic, regret_index_temple_of_mockery, ashenzari_altar_1,
          kennysheep_mini, elyvilon_altar_5
D:8:      layout_loops_ring, palyth_temple_overflow_mages, dpeg_oklobed_lair,
          uniq_grum, uniq_joseph, uniq_harold
D:10:     layout_loops_ring, basic_altar, serial_shops, shop, enter_bailey_3,
          nicolae_elemental_shop, chequers_hall_statues_corner_a, st_stairs_1,
          nicolae_dithmenos_through_a_glass_darkly, uniq_josephine, uniq_urug
D:11:     layout_roguey, uniq_erolcha
D:12:     layout_irregular_city
D:13:     evilmike_diamond_2, layout_gridville,
          lightli_vaults_fourway_checkpoint, statue_in_the_mist_lemuel
Temple:   dpeg_three_leaves_temple

Skill      XL: |  1  2  3  4  5  6  7  8  9 10 11 |
---------------+----------------------------------+-----
Short Blades   | 1 2 3 4 5 6 |  6.7
Long Blades    | 1 2 3 4 5 6 |  6.7
Axes           | 1 2 3 4 5 6 |  6.7
Maces & Flails | 1 2 3 4 5 6 |  6.7
Polearms       | 1 2 3 4 5 6 |  6.7
Staves         | 1 2 3 4 5 6 |  6.7
Slings         | 1 2 3 4 5 6 |  6.7
Bows           | 1 2 3 4 5 6 |  6.7
Crossbows      | 1 2 3 4 5 6 |  6.7
Throwing       | 1 2 3 4 5 6 |  6.7
Armour         | 1 2 3 4 5 6 |  6.7
Stealth        | 1 2 3 4 5 6 |  6.7
Shields        | 1 2 3 4 5 6 |  6.7
Spellcasting   | 5 6 7 8 |  8.5
Invocations    | 1 2 3 4 5 6 7 |  7.4
Evocations     | 1 2 3 4 5 6 |  6.7
Conjurations   | 1 2 3 4 5 |  5.6
Hexes          | 1 2 3 4 5 |  5.6
Summonings     | 1 2 3 4 5 |  5.6
Necromancy     | 1 2 3 4 5 |  5.6
Translocations | 1 2 3 4 5 |  5.6
Fire Magic     | 1 2 3 4 5 |  5.6
Ice Magic      | 1 2 3 4 5 |  5.6
Air Magic      | 1 2 3 4 5 |  5.6
Earth Magic    | 1 2 3 4 5 |  5.6
Poison Magic   | 1 2 3 4 5 |  5.6
Fighting       | 3 4 5 6 7 |  7.3
Transmutations | 4 5 6 |  6.9
Dodging        | 5 6 7 8 |  8.2
Unarmed Combat | 7 8 9 |  9.5

Action                   |  1- 3 |  4- 6 |  7- 9 | 10-12 || total
-------------------------+-------+-------+-------+-------++-------
Melee: Unarmed           |    45 |    61 |   239 |   332 ||   677
       Kick              |     5 |    19 |    31 |       ||    55
       Headbutt          |     3 |    12 |    18 |       ||    33
       Punch             |     2 |     1 |     3 |     4 ||    10
       Bite              |     1 |     9 |    12 |    15 ||    37
       Demon whip        |       |    43 |    30 |       ||    73
       Mace              |       |       |       |    23 ||    23
 Cast: Beastly Appendage |    17 |    19 |    21 |       ||    57
       Spider Form       |       |     1 |    16 |     9 ||    26
       Wereblood         |       |     1 |     1 |     1 ||     3
       Ice Form          |       |       |     6 |    14 ||    20
       Blade Hands       |       |       |       |    10 ||    10
Evoke: Wand              |       |     1 |     2 |       ||     3
       Tin of tremorston |       |       |     1 |       ||     1
  Use: Scroll            |       |     5 |     6 |     1 ||    12
       Potion            |       |       |       |     2 ||     2
 Stab: Sleeping          |       |     4 |     7 |     5 ||    16
       Distracted        |       |       |     2 |     1 ||     3
Armor: Robe              |     8 |    11 |     5 |       ||    24
       Skin              |       |     5 |    10 |    20 ||    35
       Troll leather arm |       |       |    10 |    32 ||    42
Dodge: Dodged            |    24 |    51 |   206 |   331 ||   612

Table legend: (Time is in decaauts)
 A = Elapsed time spent in this place.
 B = Non-inter-level travel time spent in this place.
 C = Inter-level travel time spent in this place.
 D = Time resting spent in this place.
 E = Time spent auto-exploring this place.
 F = Levels seen in this place.
 G = Mean time per level.
                   A        B        C        D        E       F      G
               +--------+--------+--------+--------+--------+-----+--------+
         Total |  11808 |  11371 |    437 |    226 |   9222 |  14 |  843.4 |
       Dungeon |  11345 |  10908 |    437 |    226 |   8947 |  12 |  945.4 |
        Temple |     90 |     90 |      0 |      0 |     67 |   1 |   90.0 |
        Bailey |    372 |    372 |      0 |      0 |    208 |   1 |  372.0 |
               +--------+--------+--------+--------+--------+-----+--------+

Top non-repeatable levels by time:
     D:5: 1509 daAuts
    D:10: 1228 daAuts
     D:3: 1069 daAuts
     D:6: 1054 daAuts
     D:1: 1052 daAuts
    D:11: 1018 daAuts
     D:2: 965 daAuts
     D:7: 907 daAuts
     D:4: 893 daAuts
    D:12: 817 daAuts
     D:8: 765 daAuts
  Bailey: 372 daAuts
  Temple: 90 daAuts
    D:13: 64 daAuts
